 Dungeon Crawl Stone Soup version 0.23.0 (webtiles) character file.

Game seed: 13023835729956757599

198 Monsterracer the Cudgeler (level 5, -2/33 HPs)
             Began as a Gargoyle Abyssal Knight on Feb 9, 2019.
             Was a Believer of Lugonu.
             Killed by divine providence
             ... invoked by an orc priest
              (15 damage)
             ... on level 4 of the Dungeon.
             The game lasted 00:02:22 (2867 turns).

Monsterracer the Cudgeler (Gargoyle Abyssal Knight) Turns: 2867, Time: 00:02:22

Health: -2/33      AC: 17    Str: 16    XL:     5   Next: 77%
Magic:  7/7        EV:  6    Int: 13    God:    Lugonu [**....]
Gold:   204        SH:  0    Dex:  9    Spells: 4/4 levels left

rFire    . . .     SeeInvis .   a - +1 mace
rCold    . . .     Gourm    .   (no shield)
rNeg     + . .     Faith    .   h - +0 chain mail
rPois    ∞         Spirit   .   f - +0 helmet
rElec    +         Reflect  .   d - +0 cloak
rCorr    .         Harm     .   (no gloves)
MR       .....     Rnd*Tele +   g - +1 pair of boots
Stlth    ..........             (no amulet)
HPRegen  0.11/turn              e - ring of teleportation (curse)
MPRegen  0.10/turn              (no ring)

@: no status effects
A: negative energy resistance 1, electricity resistance, unbreathing,
petrification resistance, rot immunity, AC +4
a: Depart the Abyss, Bend Space, Renounce Religion


You were on level 4 of the Dungeon.
You worshipped Lugonu.
Lugonu was pleased with you.
You were near starving.

You visited 1 branch of the dungeon, and saw 4 of its levels.
You visited the Abyss 1 time.

You collected 204 gold pieces.

Inventory:

Hand Weapons
 a - a +1 mace (weapon)
Armour
 d - a +0 cloak (worn)
 f - a +0 helmet (worn)
 g - a +1 pair of boots (worn)
 h - a +0 chain mail (worn)
Jewellery
 e - a cursed ring of teleportation (left hand)
Comestibles
 c - 4 rations


   Skills:
 + Level 3.9 Fighting
 * Level 5.0 Maces & Flails
 + Level 2.3 Armour
 - Level 0.7 Dodging
 + Level 2.8 Invocations


You had 4 spell levels left.
You didn't know any spells.
Your spell library was empty.

Dungeon Overview and Level Annotations

Branches:
Dungeon (4/15)
 Temple: D:4-7

Altars:
Elyvilon
Kikubaaqudgha
Trog


Innate Abilities, Weirdness & Mutations

You are resistant to torment.
Your stone body is resilient. (AC +4)
You are immune to poison.
You resist negative energy. (rN+)
You are resistant to electric shocks. (rElec)
You can survive without breathing.
You are immune to petrification.
You are immune to rotting.


Message History

You hear an angry hiss.
Found a spear.
Unknown command.
An orc priest comes into view. It is wielding a +0 short sword.
The orc priest shouts!
You hear a shout!
An orc wizard comes into view. It is wielding a +0 dagger.
The howler monkey hoots and howls with incredible vigour!
You are feeling very hungry.
The orc wizard casts a spell.
The orc wizard blinks!
The orc priest invokes the aid of Beogh against you.
Beogh smites you!
You take 11 damage, and have 22/33 hp.
MASSIVE DAMAGE!!
The howler monkey hoots and howls with incredible vigour!
The howler monkey hoots and howls with incredible vigour!
You open the door.
The orc priest looks braver for a moment.
There is an open door here.
The howler monkey hoots and howls with incredible vigour!
The orc hits you but does no damage.
There is a stone staircase leading up here.
The orc hits you but does no damage.
You climb upwards.
There is a stone staircase leading down here.
Unknown command.
Unknown command.
You hit the orc.
The orc is almost dead.
The orc hits you but does no damage.
Your chain mail prevents you from hitting the orc.
The orc is almost dead.
The orc hits you but does no damage.
You closely miss the orc.
The orc is almost dead.
The orc barely misses you.
You hit the orc.
You kill the orc!
Lugonu accepts your kill.
You see here a +0 trident.
There is a stone staircase leading down here.
You start resting.
HP restored.
Health restored: 33 You climb downwards.
The howler monkey barely misses you. The howler monkey hits you.
There is a stone staircase leading up here.
You take 4 damage, and have 29/33 hp.
Unknown command.
The orc priest calls down the wrath of Beogh upon you.
Pain shoots through your body!
The howler monkey hits you but does no damage.
You climb upwards.
There is a stone staircase leading down here.
You take 3 damage, and have 26/33 hp.
Unknown command.
Unknown command.
You hit the howler monkey.
The howler monkey is lightly wounded.
The howler monkey barely misses you.
The howler monkey hoots and howls with incredible vigour!
You sock the howler monkey!
The howler monkey is heavily wounded.
The howler monkey hoots and howls with incredible vigour!
You barely miss the howler monkey.
The howler monkey is heavily wounded.
The howler monkey hits you but does no damage. x2
You hit the howler monkey.
The howler monkey is heavily wounded.
The howler monkey hits you but does no damage.
You closely miss the howler monkey.
The howler monkey is heavily wounded.
The howler monkey barely misses you.
You hit the howler monkey.
The howler monkey is almost dead.
The howler monkey barely misses you. x2
You hit the howler monkey.
The howler monkey is almost dead.
The howler monkey hoots and howls with incredible vigour!
You hit the howler monkey.
You kill the howler monkey!
Lugonu accepts your kill.
Your Maces & Flails skill increases to level 5!
You start resting.
HP restored.
Health restored: 33 You climb downwards.
A hound skeleton comes into view.
You are near starving!
The orc priest invokes the aid of Beogh against you.
Beogh smites you!
Ouch! That really hurt!
* * * LOW HITPOINT WARNING * * *
There is a stone staircase leading up here.
You take 17 damage, and have 16/33 hp.
MASSIVE DAMAGE!!
You are too injured to fight recklessly!
The hound skeleton bites you.
* * * LOW HITPOINT WARNING * * *
The orc priest calls down the wrath of Beogh upon you.
Beogh smites you!
You die...

#.......# . #.......#
..####....?..###
............##.#
............#..#
............#..#
............#'## ####
#+#######Z#......# #...
#.......@.#......# #...
#.........'......# #...
#######..##.o....#####.o.
#..#######......###
#.........#......#
#.........'....>.#
###########....!.#
########


You could see an orc priest and a hound skeleton.

Vanquished Creatures
  A howler monkey (D:3)
  A crimson imp (D:3)
  4 adders
  3 oozes
  3 worms
  A dart slug (D:2)
  2 leopard geckos
  6 orcs (D:3)
  2 giant cockroaches
  5 goblins
  5 hobgoblins
  6 jackals (D:3)
  3 kobolds
  A quokka (D:2)
  4 bats
  4 frilled lizards
  A quokka skeleton (D:3)
  11 rats
63 creatures vanquished.

Notes
Turn   | Place    | Note
-------+----------+-------------------------------------------
     0 | Abyss:1  | Monsterracer the Gargoyle Abyssal Knight began the quest
                  | for the Orb.
     0 | Abyss:1  | Reached XP level 1. HP: 14/14 MP: 2/2
    15 | D:1      | Escaped the Abyss
   276 | D:1      | Reached XP level 2. HP: 19/19 MP: 3/3
   401 | D:1      | Reached skill level 3 in Maces & Flails
   637 | D:2      | HP: 9/19 [adder (1)]
   641 | D:1      | HP: 4/19 [adder (2)]
   646 | D:1      | Reached XP level 3. HP: 5/23 MP: 4/4
  1011 | D:2      | Reached ** piety under Lugonu
  1141 | D:2      | Reached skill level 4 in Maces & Flails
  1290 | D:2      | Reached XP level 4. HP: 27/28 MP: 5/5
  1748 | D:3      | Found an ancient bone altar of Kikubaaqudgha.
  1788 | D:3      | Reached XP level 5. HP: 21/32 MP: 6/6
  1956 | D:3      | HP: 15/33 [orc/+0 war axe (5)]
  2334 | D:3      | Found a white marble altar of Elyvilon.
  2665 | D:3      | Found a bloodstained altar of Trog.
  2815 | D:3      | Reached skill level 5 in Maces & Flails
  2866 | D:4      | HP: 16/33 [orc priest/divine providence (17)]
  2867 | D:4      | Killed from afar by an orc priest

Skill      XL: |  1  2  3  4  5 |
---------------+----------------+-----
Maces & Flails | 3 4 5 |  5.0
Fighting       | |  3.9
Armour         | |  2.3
Dodging        | |  0.7
Invocations    | |  2.8

Action                   |  1- 3 |  4- 6 || total
-------------------------+-------+-------++-------
Melee: Mace              |    91 |   151 ||   242
  Eat: Chunk             |     1 |     4 ||     5
Armor: Leather armour    |    62 |    56 ||   118
       Chain mail        |       |     9 ||     9
Dodge: Dodged            |    53 |    93 ||   146

Levels and vault maps discovered:
D:1:      grunt_arrival_crossed_arrows, layout_basic
D:2:      layout_basic
D:3:      layout_basic, nicolae_overflow_hidden_temple
D:4:      layout_gridville, nicolae_tso_swordbearing_angel, first_ration,
          uniq_edmund
Abyss:1:  minivault_25_ag
